 Dungeon Crawl Stone Soup version 0.22-a0-266-g5fdf0d7 (webtiles) character file.

3658 RoseArtemis the Cleaver (level 9, -2/82 HPs)
             Began as a Minotaur Fighter on Mar 9, 2018.
             Was a Believer of Makhleb.
             Slain by an orc warrior
             ... wielding a +0 dire flail
              (16 damage)
             ... on level 7 of the Dungeon.
             The game lasted 00:16:37 (8294 turns).

RoseArtemis the Cleaver (Minotaur Fighter)          Turns: 8294, Time: 00:16:38

Health: -2/82      AC: 15    Str: 23    XL:     9   Next: 88%
Magic:  8/8        EV:  4    Int:  6    God:    Makhleb [**....]
Gold:   431        SH:  9    Dex: 10    Spells: 8/8 levels left

rFire    + . .     SeeInvis .   a - +0 war axe
rCold    + + .     Gourm    .   c - +0 shield
rNeg     . . .     Faith    .   d - +0 plate armour
rPois    .         Spirit   .   (helmet restricted)
rElec    .         Reflect  .   l - scarf {rC+ rF+}
rCorr    .         Harm     .   g - +0 pair of gloves
MR       +....                  (no boots)
Stlth    ..........             (no amulet)
HPRegen  0.23/turn              B - ring of protection from magic
MPRegen  0.11/turn              D - ring of protection from cold

@: no status effects
A: retaliatory headbutt, horns 2
a: Minor Destruction, Renounce Religion


You were on level 7 of the Dungeon.
You worshipped Makhleb.
Makhleb was pleased with you.
You were near starving.

You visited 2 branches of the dungeon, and saw 9 of its levels.

You collected 431 gold pieces.

Inventory:

Hand Weapons
 a - a +0 war axe (weapon)
 b - a +4 blowgun
Missiles
 n - 40 poisoned needles
 u - 5 curare-tipped needles
Armour
 c - a +0 shield (worn)
 d - a +0 plate armour (worn)
 g - a +0 pair of gloves (worn)
 l - a scarf of resistance (worn)
Jewellery
 k - an uncursed ring of protection from magic
 x - an uncursed ring of protection from magic
 B - a ring of protection from magic (left hand)
 D - a ring of protection from cold (right hand)
 G - an uncursed ring of ice
Wands
 e - a wand of iceblast (11)
 v - a wand of digging (10)
Scrolls
 h - a scroll of blinking
 m - 3 scrolls of amnesia
 q - a scroll of enchant armour {unknown}
 r - a scroll of random uselessness {unknown}
 y - 2 scrolls of teleportation {unknown}
 z - a scroll of fog {unknown}
 F - 2 scrolls of brand weapon {unknown}
 H - a scroll of remove curse
Potions
 i - a potion of flight
 j - 3 potions of curing
 o - a potion of agility {unknown}
 p - 2 potions of heal wounds {unknown}
 s - a potion of haste {unknown}
 t - a potion of lignification {unknown}
 w - a potion of ambrosia {unknown}
Comestibles
 f - 9 rations


   Skills:
 + Level 8.7 Fighting
 * Level 11.4 Axes
 + Level 4.7 Throwing
 + Level 8.7 Armour
 - Level 3.6 Shields


You had 8 spell levels left.
You didn't know any spells.

Dungeon Overview and Level Annotations

Branches:
Dungeon (8/15)             Temple (1/1) D:5
   Lair: D:8-11

Altars:
Ashenzari
Cheibriados
Dithmenos
Elyvilon
Fedhas
Gozag
Hepliaklqana
Kikubaaqudgha
Makhleb
Nemelex Xobeh
Okawaru
Qazlal
Ru
Sif Muna
Trog
Uskayaw
Vehumet
Wu Jian
Xom
Yredelemnul
The Shining One


Innate Abilities, Weirdness & Mutations

You reflexively headbutt those who attack you in melee.
You have a pair of horns on your head.


Message History

The orc warrior hits you with a dire flail.
* * * LOW HITPOINT WARNING * * *
You are too injured to fight recklessly!
You are too injured to fight recklessly!
The orc barely misses you.
The orc warrior hits you from afar with a glaive.
* * * LOW HITPOINT WARNING * * *
The orc warrior hits you with a dire flail.
* * * LOW HITPOINT WARNING * * *
The orc hits you but does no damage.
You climb upwards.
There is a stone staircase leading down here.
Okay, then.
Okay, then.
You barely miss the orc.
The orc is severely wounded.
You hit the orc warrior but do no damage.
You hit the orc. You block the orc's attack.
The orc warrior hits you with a dire flail!
You die...

.# #.#.###.#.#
.#######.#.#
#.#.#
(........#.#
#.#.#
....######.#
#.#.#
....'......#
#.#.#
....########
#...#
....######
##..#
....#....# #oo#
....#....# #o@#
#####....# ##.#
#....# #.#
#....# #.#
#....# #.#
#....# #####.##
#....###......#
#.....##......#
###...##......#


You could see an orc warrior and 2 orcs.

Vanquished Creatures
  A two-headed ogre (D:8)
  Grinder (D:4)
  3 sky beasts
  3 ice beasts
  3 orc warriors
  2 phantoms
  A black bear (D:6)
  An ogre (D:4)
  A centaur (D:5)
  3 bullfrogs (D:8)
  A wyvern zombie (D:7)
  5 killer bees (D:8)
  A vampire bat (D:3)
  A howler monkey (D:4)
  4 crimson imps
  A hound (D:5)
  7 orc priests
  5 orc wizards
  A bullfrog skeleton (D:6)
  2 iguanas (D:5)
  2 worker ants
  A killer bee zombie (D:5)
  A worker ant zombie (D:5)
  3 gnolls (D:7)
  11 adders
  A howler monkey skeleton (D:5)
  3 shadow imps
  4 adder skeletons
  An adder zombie (D:7)
  3 worms
  5 dart slugs
  7 leopard geckos
  19 orcs
  A ball python (D:3)
  8 bats
  3 bat skeletons (D:3)
  3 bat zombies (D:3)
  9 giant cockroaches
  12 goblins
  9 hobgoblins
  9 jackals
  6 quokkas
  5 frilled lizards
  5 kobolds
  A quokka skeleton (D:4)
  7 rats
186 creatures vanquished.

Notes
Turn   | Place    | Note
-------+----------+-------------------------------------------
     0 | D:1      | RoseArtemis the Minotaur Fighter began the quest for the Orb.
     0 | D:1      | Reached XP level 1. HP: 19/19 MP: 0/0
   130 | D:1      | Reached XP level 2. HP: 24/27 MP: 1/1
   137 | D:1      | Reached skill level 3 in Axes
   692 | D:1      | Reached XP level 3. HP: 33/33 MP: 2/2
  1026 | D:2      | Reached skill level 4 in Axes
  1030 | D:2      | Reached XP level 4. HP: 29/40 MP: 3/3
  1361 | D:2      | Found a shattered altar of Ashenzari.
  2145 | D:3      | Reached XP level 5. HP: 32/47 MP: 4/4
  2401 | D:3      | Found a shimmering altar of Xom.
  2402 | D:3      | Found a burning altar of Makhleb.
  2417 | D:3      | Reached skill level 5 in Axes
  2580 | D:3      | Became a worshipper of Makhleb the Destroyer
  2620 | D:3      | Found an ancient bone altar of Kikubaaqudgha.
  2634 | D:3      | Reached skill level 5 in Fighting
  2634 | D:3      | Reached skill level 5 in Armour
  2965 | D:4      | Reached XP level 6. HP: 36/56 MP: 5/5
  3165 | D:4      | Reached skill level 6 in Axes
  3240 | D:4      | Found a sparkling altar of Nemelex Xobeh.
  3704 | D:4      | Noticed Grinder
  3719 | D:4      | Killed Grinder
  3719 | D:4      | Reached skill level 7 in Axes
  3719 | D:4      | Reached XP level 7. HP: 19/62 MP: 6/6
  4220 | D:5      | Entered Level 5 of the Dungeon
  4521 | D:5      | Reached * piety under Makhleb
  4534 | D:5      | Reached skill level 8 in Axes
  4536 | D:5      | Found a stormy altar of Qazlal.
  4573 | D:5      | Found a staircase to the Ecumenical Temple.
  4588 | D:5      | Reached skill level 1 in Throwing
  4588 | D:5      | Reached XP level 8. HP: 56/71 MP: 7/7
  4666 | Temple   | Entered the Ecumenical Temple
  5566 | D:6      | Found a blossoming altar of Fedhas.
  5569 | D:6      | Found a snail-covered altar of Cheibriados.
  5572 | D:6      | Found an iron altar of Okawaru.
  5593 | D:6      | Reached skill level 9 in Axes
  6113 | D:7      | Reached ** piety under Makhleb
  6426 | D:7      | Reached XP level 9. HP: 53/79 MP: 8/8
  6659 | D:7      | Reached skill level 10 in Axes
  7041 | D:7      | Found a hazy altar of Hepliaklqana.
  7454 | D:8      | Noticed a two-headed ogre
  7466 | D:8      | Killed a two-headed ogre
  7716 | D:8      | Reached skill level 11 in Axes
  8294 | D:7      | Slain by an orc warrior

Vault maps used:
D:1:      kilobyte_arrival_exit_the_forest
D:2:      wad_floor_pattern_untrapped, hangedman_decor_push, ashenzari_altar_1
D:3:      grunt_temple_overflow_champion_of_chaos, kennysheep_vampire_church
D:4:      nemelex_xobeh_ov_fountains_minmay, st_stairs_8, uniq_grinder
D:5:      minmay_temple_entry_large_hall, first_ration,
          nicolae_qazlal_general_emergency
D:6:      grunt_temple_overflow_diamond
D:7:      lemuel_crystal_altar
D:8:      zin_purify
Temple:   nicolae_temple_figure_eight

Skill      XL: |  1  2  3  4  5  6  7  8  9 |
---------------+----------------------------+-----
Axes           | 3 4 5 7 8 9 11 | 11.4
Fighting       | 4 5 6 7 8 |  8.7
Armour         | 4 5 6 7 8 |  8.7
Throwing       | 1 3 4 |  4.7
Shields        | |  3.6

Action                   |  1- 3 |  4- 6 |  7- 9 || total
-------------------------+-------+-------+-------++-------
Melee: War axe           |    88 |   145 |   323 ||   556
       Headbutt          |    13 |    33 |    54 ||   100
 Fire: Blowgun           |       |       |     4 ||     4
  Use: Scroll            |       |     4 |    16 ||    20
       Potion            |       |     1 |     3 ||     4
  Eat: Chunk             |       |     9 |    13 ||    22
Armor: Scale mail        |    41 |    63 |    72 ||   176
       Plate armour      |       |       |    91 ||    91
Dodge: Dodged            |    26 |    46 |    73 ||   145
Block: Shield            |    49 |    89 |   139 ||   277

Table legend:
 A = Spawn XP
 B = Non-spawn XP
 C = Spawn XP percentage of total XP
 D = Spawn monster count
 E = Non-spawn monster count
 F = Spawn count percentage of total count
 G = Total turns spent on level
                    A         B        C        D         E        F      G
               +---------+---------+-------+---------+---------+-------+---------
         Total |       0 |    5227 |   0.0 |       0 |     186 |   0.0 |  8294
               +---------+---------+-------+---------+---------+-------+---------
           D:1 |       0 |      51 |   0.0 |       0 |      27 |   0.0 |   931
           D:2 |       0 |     104 |   0.0 |       0 |      28 |   0.0 |   915
           D:3 |       0 |     192 |   0.0 |       0 |      29 |   0.0 |  1059
           D:4 |       0 |     747 |   0.0 |       0 |      19 |   0.0 |  1315
           D:5 |       0 |     709 |   0.0 |       0 |      23 |   0.0 |  1001
           D:6 |       0 |     779 |   0.0 |       0 |      18 |   0.0 |   575
           D:7 |       0 |     690 |   0.0 |       0 |      20 |   0.0 |  1544
           D:8 |       0 |    1955 |   0.0 |       0 |      22 |   0.0 |   755
               +---------+---------+-------+---------+---------+-------+---------
